 Dungeon Crawl Stone Soup version 0.26-a0-835-g8259106e14 (webtiles) character file.

Game seed: 3377451284863516382

177 jasper the Shooter (level 5, -2/44 HPs)
             Began as a Palentonga Arcane Marksman on Nov 16, 2020.
             Slain by a worker ant (5 damage)
             ... on level 4 of the Dungeon on Nov 17, 2020.
             The game lasted 00:04:27 (3315 turns).

jasper the Shooter (Palentonga Arcane Marksman)     Turns: 3315, Time: 00:04:28

Health: -2/44      AC:  6    Str: 15    XL:     5   Next: 31%
Magic:  6/6        EV:  8    Int: 13    God:
Gold:   100        SH:  0    Dex: 10    Spells: 5/6 levels left

rFire    . . .     SeeInvis +   a - +0 shortbow
rCold    . . .     Faith    +   (shield currently unavailable)
rNeg     . . .     Spirit   .   i - +0 scale mail
rPois    +         Reflect  .   (no helmet)
rElec    .         Harm     .   (no cloak)
rCorr    .         Rampage  .   (no gloves)
MR       .....                  (no barding)
Stlth    ..........             r - amulet of faith
HPRegen  0.14/turn              t - ring of poison resistance
MPRegen  0.10/turn              (no ring)

@: lethally poisoned (-2 -> -8)
A: large, rugged brown scales 3, see invisible, deformed body, roll 1, armoured
tail
a: Rolling Charge


You were on level 4 of the Dungeon.
You visited 1 branch of the dungeon, and saw 4 of its levels.

You collected 100 gold pieces.

Inventory:

Hand Weapons
 a - a +0 shortbow (weapon)
 c - a -3 spear
 g - a +0 short sword of venom
 l - a +0 short sword of flaming
Missiles
 d - 4 arrows (quivered)
 f - 13 javelins
Armour
 e - a +0 robe
 i - a +0 scale mail (worn)
 q - a +0 buckler
Jewellery
 r - an amulet of faith (around neck)
 t - a ring of poison resistance (left hand)
Scrolls
 o - 5 scrolls of remove curse
 s - 2 scrolls of fog {unknown}
 u - a scroll of teleportation {unknown}
Potions
 b - 6 potions of curing
 h - a potion of flight
 j - a potion of ambrosia
 k - a potion of lignification
 n - a potion of brilliance
 p - 2 potions of heal wounds


   Skills:
 + Level 2.4 Fighting
 * Level 3.1 Bows
 + Level 1.5 Armour
 + Level 2.4 Dodging
 - Level 1.0 Spellcasting
 - Level 3.0 Hexes


You had 5 spell levels left.
You knew the following spells:

 Your Spells              Type           Power        Failure   Level
a - Corona                Hex            #......      32%         1

Your spell library contained the following spells:

 Spells                   Type           Power        Failure   Level
 Slow                     Hex            #.......     43%         2
 Inner Flame              Hex/Fire       #.......     87%         3
 Portal Projectile        Hex/Tloc       #.....       87%         3
 Cause Fear               Hex            #.........   97%         4
 Leda's Liquefaction      Hex/Erth       #.........   99%         4


Dungeon Overview and Level Annotations

Branches:
Dungeon (4/15)
 Temple: D:4-7

Altars:
Gozag
Zin

Annotations:
D:3 2 transporters, robertstho's ghost, amateur MiAK


Innate Abilities, Weirdness & Mutations

You are completely covered in rugged brown scales. (AC +3, +7% HP)
You have supernaturally acute eyesight. (SInv)
Armour fits poorly on your strangely shaped body.
You can roll at nearby foes to attack.
You have a long armoured tail.


Message History

You take 6 damage, and have 7/44 hp.
Firing (i - inventory. (/) - cycle)
d - 6 arrows (quivered)
Press: ? - help, Shift-Dir - straight line, f/p - worker ant
Aim: a worker ant (almost dead)
You shoot an arrow.
The arrow completely misses the worker ant.
* * * LOW HITPOINT WARNING * * *
You feel sick. The worker ant bites you.
* * * LOW HITPOINT WARNING * * *
You take 3 damage, and have 4/44 hp.
Firing (i - inventory. (/) - cycle)
d - 5 arrows (quivered)
Press: ? - help, Shift-Dir - straight line, f/p - worker ant
Aim: a worker ant (almost dead)
You shoot an arrow.
The arrow completely misses the worker ant.
* * * LOW HITPOINT WARNING * * *
You feel sick.
The worker ant bites you but does no damage.
The worker ant bites you.
You die...

#.......##### .. #.
#.###.......# ... +.
#.# ##..###.# ...###.
#.# #.>...)#
.......###.#####.#####
(...$..#.........#
.......#......####
.......#......#
.......@...#.##
......B#####.# .....(.
#.# .#+###. #.# .. #.#
## #.# ..# ###


You could see a worker ant.

Vanquished Creatures
  An orc wizard (D:3)
  3 gnolls (D:3)
  4 adders
  2 worms (D:2)
  3 dart slugs (D:2)
  4 leopard geckos
  4 orcs (D:3)
  6 giant cockroaches
  5 hobgoblins (D:1)
  7 jackals
  A quokka (D:3)
  8 bats
  3 frilled lizards
  5 goblins
  6 kobolds
  6 rats
68 creatures vanquished.

Notes
Turn   | Place    | Note
-------+----------+-------------------------------------------
     0 | D:1      | jasper the Palentonga Arcane Marksman began the quest for
                  | the Orb.
     0 | D:1      | Reached XP level 1. HP: 17/17 MP: 2/2
   168 | D:1      | Reached XP level 2. HP: 24/24 MP: 3/3
   715 | D:2      | Reached XP level 3. HP: 29/29 MP: 4/4
   962 | D:2      | Found an opulent altar of Gozag.
  1193 | D:2      | Reached skill level 1 in Armour
  1720 | D:2      | Reached XP level 4. HP: 37/38 MP: 5/5
  1801 | D:2      | Found a glowing silver altar of Zin.
  1802 | D:2      | Noticed an angel
  2010 | D:3      | Upgraded the game from 0.26-a0-831-g7192265339 to
                  | 0.26-a0-835-g8259106e14
  2432 | D:3      | Found a transporter.
  2738 | D:3      | Reached XP level 5. HP: 37/43 MP: 6/6
  2791 | D:3      | Found a transporter.
  2795 | D:3      | Noticed robertstho's ghost (amateur MiAK)
  3315 | D:4      | Slain by a worker ant

Illustrated notes

Levels and vault maps discovered:
D:1:      saegor_arrival_simple_a, layout_loops_ring
D:2:      layout_loops_corners, zin_angel, old_standard_altar, minmay_between
D:3:      layout_basic, gammafunk_ghost_mausoleum
D:4:      layout_basic

Skill      XL: |  1  2  3  4 |
---------------+-------------+-----
Bows           | 2 3 |  3.1
Dodging        | 2 |  2.4
Armour         | 1 |  1.5
Fighting       | 2 |  2.4
Spellcasting   | |  1.0
Hexes          | |  3.0

Action                   |  1- 3 |  4- 6 || total
-------------------------+-------+-------++-------
Melee: Spear             |     8 |       ||     8
       Tailslap          |     3 |     1 ||     4
       Short sword       |    32 |     9 ||    41
 Fire: Shortbow          |   118 |   114 ||   232
Throw: Javelin           |     1 |       ||     1
  Use: Scroll            |     3 |     5 ||     8
Armor: Robe              |    19 |       ||    19
       Scale mail        |    26 |    43 ||    69
Dodge: Dodged            |    53 |    40 ||    93

Table legend: (Time is in decaauts)
 A = Elapsed time spent in this place.
 B = Non-inter-level travel time spent in this place.
 C = Inter-level travel time spent in this place.
 D = Time resting spent in this place.
 E = Time spent auto-exploring this place.
 F = Levels seen in this place.
 G = Mean time per level.
                   A        B        C        D        E       F      G
               +--------+--------+--------+--------+--------+-----+--------+
         Total |   3358 |   3241 |    117 |    197 |   2512 |   4 |  839.5 |
       Dungeon |   3358 |   3241 |    117 |    197 |   2512 |   4 |  839.5 |
               +--------+--------+--------+--------+--------+-----+--------+

Top non-repeatable levels by time:
     D:2: 1316 daAuts
     D:3: 1273 daAuts
     D:1: 719 daAuts
     D:4: 49 daAuts
